 Dungeon Crawl Stone Soup version 0.18-a0-846-g91b95b1 (webtiles) character file.

287344 Geeful the Wrestler (level 21, 0/147 HPs)
             Began as a Human Wanderer on Dec 20, 2015.
             Was the Champion of Makhleb.
             Killed from afar by a Hell Sentinel (22 damage)
             ... with an iron shot
             ... summoned by a deep elf demonologist
             ... on level 3 of the Elven Halls.
             The game lasted 03:24:00 (49296 turns).

Geeful the Wrestler (Human Wanderer)               Turns: 49296, Time: 03:24:00

Health: 0/147      AC: 29    Str: 21    XL:     21   Next: 54%
Magic:  0/27       EV:  6    Int: 18    God:    Makhleb [******]
Gold:   2162       SH: 20    Dex: 15    Spells: 0 memorised, 20 levels left

rFire  + + .     SeeInvis +       - Unarmed
rCold  . . .     Gourm    .     C - +3 plate armour {MR+}
rNeg   + . .     Faith    .     J - +5 shield {reflect}
rPois  .         Spirit   +     q - +2 hat {Spirit}
rElec  .         Dismiss  .     N - +2 cloak
rCorr  .         Reflect  +     A - +1 pair of gloves
SustAt .         Harm     .     y - +1 pair of boots
MR     ++...                    l - amulet of the Komtur {rF+ Regen+ Int+4 SInv}
Stlth  ..........               m - +5 ring of protection
                                x - ring of positive energy

@: corroded equipment, drained, very resistant to hostile enchantments,
extremely unstealthy
A: blurry vision 1, clever 1, fire resistance 1
a: Minor Destruction, Lesser Servant of Makhleb, Major Destruction, Greater
Servant of Makhleb, Renounce Religion
}: 2/15 runes: decaying, gossamer


You were on level 3 of the Elven Halls.
You worshipped Makhleb.
Makhleb was exalted by your worship.
You were very hungry.

You visited 8 branches of the dungeon, and saw 38 of its levels.
You also visited: Ossuary, Ice Cave and Volcano.

You collected 4708 gold pieces.
You spent 2538 gold pieces at shops.

Inventory:

Hand Weapons
 a - a +6 blowgun
Missiles
 r - 15 curare-tipped needles
 H - a throwing net (quivered)
 R - 48 poisoned needles
Armour
 q - a +2 hat of spirit shield (worn)
 y - a +1 pair of boots (worn)
 A - a +1 pair of gloves (worn)
 C - a +3 plate armour of magic resistance (worn)
 J - a +5 shield of reflection (worn)
 N - a +2 cloak (worn)
Rods
 M - a +3 rod of shadows (12/12)
   (You found it on level 8 of the Dungeon)
Jewellery
 e - a +3 amulet of reflection
 i - an uncursed ring of teleportation
 k - an uncursed ring of protection from cold
 l - the amulet of the Komtur (around neck) {rF+ Regen+ Int+4 SInv}
   (You bought it in a shop on level 2 of the Orcish Mines)

   [amulet of regeneration]

   It affects your intelligence (+4).
   It protects you from fire.
   It lets you see invisible.
   It increases your rate of regeneration.
 m - a +5 ring of protection (right hand)
 n - an uncursed ring of protection from magic
 s - an uncursed amulet of resist corrosion
 x - a ring of positive energy (left hand)
 B - the ring of Maysef {Str+3 SInv}
   (You found it in an ice cave)

   [ring of see invisible]

   It affects your strength (+3).
   It lets you see invisible.
 G - an uncursed ring of flight
 I - an uncursed ring of poison resistance
Wands
 w - a wand of heal wounds (2/9)
 K - a wand of invisibility (7/9)
 T - a wand of polymorph (3/24)
 W - a wand of flame (36/48)
 X - a wand of disintegration (14/24)
Scrolls
 c - 5 scrolls of blinking
 f - 5 scrolls of fear
 p - 19 scrolls of remove curse
 v - 3 scrolls of fog
 L - 9 scrolls of teleportation
 U - a scroll of identify
Potions
 o - 9 potions of curing
 t - 7 potions of heal wounds
 u - 2 potions of haste
 z - 5 potions of might
 E - a potion of resistance
 O - 4 potions of agility
 Q - 2 potions of cancellation
 Z - 5 potions of berserk rage
Books
 h - a book of Alchemy

   Spells                             Type                      Level
   a - Sublimation of Blood           Necromancy                   2
   b - Ignite Poison                  Fire/Transmutation/Poison    3
   c - Alistair's Intoxication        Transmutation/Poison         4
   d - Condensation Shield            Ice                          4
   e - Petrify                        Transmutation/Earth          4
   f - Irradiate                      Conjuration/Transmutation    5
Miscellaneous
 F - an ornate deck of changes {Focus}
 V - a legendary deck of defence {the Potion, drawn: 1}
 Y - a phantom mirror
Comestibles
 b - 17 slices of pizza
 d - 19 bread rations
 g - 16 meat rations
 j - 29 fruits
 D - a beef jerky


   Skills:
 - Level 8.1(7.9) Fighting
   Level 1.0(0.8) Short Blades
 - Level 1.0(0.8) Maces & Flails
 - Level 2.0(1.8) Throwing
 - Level 10.5(10.3) Armour
 - Level 10.3(10.1) Dodging
 + Level 17.6(17.3) Shields
 * Level 24.1(23.8) Unarmed Combat
 - Level 8.4(8.2) Invocations


You had 20 spell levels left.
You didn't know any spells.

Dungeon Overview and Level Annotations

Branches:
Dungeon (15/15)            Temple (1/1) D:6            Lair (8/8) D:11
  Swamp (4/4) Lair:6       Spider (4/4) Lair:5        Slime (0/6) Lair:8
    Orc (2/2) D:9             Elf (3/3) Orc:2        Vaults (1/5) D:13
 Depths (0/5) D:15

Altars:
Ashenzari
Cheibriados
Dithmenos
Elyvilon
Fedhas
Gozag
Kikubaaqudgha
Makhleb
Nemelex Xobeh
Okawaru
Pakellas
Qazlal
Ru
Sif Muna
Trog
Vehumet
Xom
Yredelemnul
Zin
The Shining One
Beogh

Shops:
D:6 *!   D:10 %   Orc:2 ==*[(   Elf:3 ?   Vaults:1 %


Innate Abilities, Weirdness & Mutations

Scrolls take you a little longer to read.
Your mind is acute. (Int +2)
Your flesh is heat resistant.


Message History

Your Executioner hits the chaos spawn but does no damage.
Your Executioner hits the chaos spawn. Your Executioner hits the chaos spawn!
The Hell Sentinel hits you!!
* * * LOW HITPOINT WARNING * * *
You block the Hell Sentinel's attack.
You are covered in liquid flames!
Your Executioner closely misses the chaos spawn.
Your Executioner hits the chaos spawn but does no damage. x2
The deep elf sorcerer is engulfed in a cloud of scalding steam.
The deep elf sorcerer becomes larger for a moment.
The deep elf sorcerer barely misses your Executioner.
You block the rust devil's attack. You block the ice devil's attack.
The orange demon stings you but does no damage.
The chaos spawn closely misses your Executioner.
The ghostly deep elf death mage barely misses you.
Your Executioner gestures.
Your Executioner seems to speed up.
The Hell Sentinel gestures at you. The iron shot hits you!
You die...

e.( .e.e
.e.e.#####
#e.....E.#
#....##e.# # #..
... ######.# .
#.###..3.#.#
#.##...e1§+####
#.....31@§....#
#.###..4e4....##
##.4e......#
##.........##
#...........#
#...........#
#...........#
##'.........##
##.#.........#


You could see a Hell Sentinel, a ghostly deep elf death mage, a deep elf
sorcerer, a deep elf demonologist, an orange demon, an ice devil, a rust devil,
a smoke demon, a chaos spawn and a friendly Executioner.

Vanquished Creatures
  Mara (Swamp:4)
  A bone dragon (Swamp:4)
  Arachne (Spider:3)
  A deep elf blademaster (Elf:2)
  A deep elf master archer (Elf:3)
  Gastronok (Lair:1)
  A thorn hunter (Swamp:3)
  The ghost of yottam the Black Belt, an adept HuWn of Makhleb (D:14)
  Kirke (Lair:7)
  3 deep elf sorcerers
  Donald (Swamp:4)
  3 vault wardens (Vaults:1)
  3 emperor scorpions (Spider:4)
  3 ghost moths
  3 deep elf elementalists
  7 ironheart preservers (Vaults:1)
  An apis (shapeshifter) (Vaults:1)
  Nessos (Lair:5)
  A deep elf demonologist (Elf:3)
  5 deep elf annihilators
  A spark wasp (Spider:4)
  3 deep elf death magi
  A vault guard (Vaults:1)
  Josephine (Spider:1)
  5 entropy weavers
  A yaktaur captain (Vaults:1)
  13 hydras
  5 centaur warriors
  4 ogre magi
  2 ghost crabs (Swamp:4)
  A queen ant (Lair:1)
  26 dancing weapons
  8 alligators
  3 death yaks (Lair:7)
  The ghost of edsrzf the Martial Artist, a novice DgTm (D:9)
  A vampire mage (D:15)
  A tengu warrior (D:13)
  Urug (D:14)
  2 deep troll earth magi (Vaults:1)
  Sonja (Lair:1)
  15 deep elf knights
  9 spriggans
  An iron troll (Orc:2)
  A fire crab (Vaults:1)
  A skeletal warrior (D:15)
  A shadow wraith (Vaults:1)
  4 unseen horrors
  A spark wasp zombie (D:15)
  4 ironbrand convokers (Vaults:1)
  5 deep trolls
  3 spriggan druids
  9 deep elf archers
  2 spectral hydras (Swamp:4)
  4 shambling mangroves
  5 orc knights (Vaults:1)
  3 swamp dragons
  A wolf spider zombie (Vaults:1)
  A necromancer (Vaults:1)
  8 hill giants
  13 ugly things
  17 orb spiders
  6 griffons
  3 hornets
  46 deep elf magi
  A stone giant zombie (Vaults:1)
  25 slime creatures
  7 cyclopes
  22 wolf spiders
  A centaur zombie (D:14)
  3 vault sentinels (Vaults:1)
  A frost giant skeleton (Vaults:1)
  A manticore (D:12)
  3 ice statues (IceCv)
  A moth of wrath (Spider:2)
  28 spiny frogs
  2 centaur skeletons
  6 komodo dragons
  Psyche (D:9)
  A gargoyle (D:13)
  6 black mambas
  3 swamp worm zombies (Swamp:4)
  17 yaktaurs (Vaults:1)
  An efreet (D:14)
  11 demonic crawlers
  8 fire drakes
  2 guardian mummies
  2 hydra zombies (Swamp:4)
  24 jumping spiders
  18 trolls
  9 polar bears
  10 giant leeches
  12 two-headed ogres
  2 spectral swamp dragons (Swamp:4)
  Prince Ribbit (Lair:3)
  2 boulder beetles (Lair:8)
  6 bog bodies
  A minotaur skeleton (Volcano)
  A deep troll zombie (D:15)
  A raiju (shapeshifter) (Vaults:1)
  4 alligator zombies (Swamp:4)
  7 blink frogs
  4 vampires
  An air elemental (Elf:1)
  A spriggan (shapeshifter) (Elf:1)
  2 flying skulls (Volcano)
  16 trapdoor spiders
  3 basilisks (Lair:6)
  10 water elementals
  5 shadows
  22 redbacks
  6 hungry ghosts
  4 wraiths
  27 tarantellas
  3 hogs (Lair:7)
  5 wyverns
  A steam dragon (D:9)
  44 yaks
  2 hill giant skeletons (Volcano)
  A fire elemental (Elf:1)
  30 vampire mosquitoes
  A warg (Orc:2)
  4 mottled dragons
  10 hippogriffs
  6 soldier ants
  16 insubstantial wisps
  20 water moccasins
  21 wolves
  20 swamp worms
  A merfolk skeleton (Volcano)
  3 eyes of draining
  24 orc warriors
  10 porcupines
  9 phantoms
  8 sky beasts
  20 ice beasts
  27 wasps
  5 swamp dragon zombies (Swamp:4)
  9 black bears
  A tengu (shapeshifter) (D:13)
  7 swamp drakes
  38 ogres
  2 manticore skeletons (Volcano)
  7 centaurs
  15 crocodiles
  A big kobold (D:9)
  29 giant frogs
  2 wyvern zombies
  4 earth elementals
  4 scorpions
  20 killer bees
  14 electric eels
  A water moccasin skeleton (D:7)
  A troll skeleton (Volcano)
  2 spriggan skeletons
  A quasit (D:10)
  4 crimson imps
  4 jellies
  4 iguanas
  21 orc priests
  19 worker ants
  4 giant frog skeletons
  10 hounds
  23 orc wizards
  Crazy Yiuf (D:7)
  A big kobold zombie (Ossuary)
  10 hell rats (Lair:6)
  13 sheep
  A naga skeleton (Volcano)
  3 ogre skeletons (Volcano)
  9 mummies
  Robin (D:2)
  6 adders
  3 gnolls (D:8)
  42 river rats
  A swamp drake zombie (Swamp:4)
  2 shadow imps
  An ooze (D:5)
  4 worms
  3 adder skeletons
  9 giant geckos
  109 orcs
  A ball python (D:1)
  11 giant cockroaches
  2 gnoll zombies (Ossuary)
  16 hobgoblins
  12 jackals
  11 quokkas
  5 bats
  3 giant newts
  18 goblins
  A hobgoblin zombie (Ossuary)
  14 kobolds
  2 kobold zombies (Ossuary)
  2 orc zombies (Ossuary)
  2 quokka skeletons
  35 rats
  2 briar patches (Swamp:3)
  A fungus (Lair:8)
  A plant (Lair:1)
1532 creatures vanquished.

Vanquished Creatures (collateral kills)
  Rupert (D:15)
  A thorn hunter (Swamp:3)
  An emperor scorpion (Spider:4)
  A deep elf elementalist (Elf:3)
  A ghost moth (Spider:1)
  A deep elf demonologist (Elf:3)
  A deep elf death mage (Elf:3)
  An entropy weaver (Spider:4)
  Fannar (D:10)
  A hydra (D:13)
  A yaktaur captain (Vaults:1)
  4 death yaks
  An orc high priest (Orc:1)
  A dancing weapon (Elf:2)
  A small abomination (Elf:3)
  A shambling mangrove (Swamp:3)
  A spectral hydra (Swamp:4)
  A deep elf archer (Vaults:1)
  A phantasmal warrior (Swamp:4)
  A frost giant zombie (D:15)
  A necromancer (D:15)
  A deep elf mage (Elf:2)
  11 wolf spiders
  A cyclops (Orc:1)
  2 orb spiders
  A manticore (D:13)
  A black mamba (Lair:2)
  2 moths of wrath (Spider:4)
  4 spiny frogs
  2 demonic crawlers (Spider:1)
  A komodo dragon (Swamp:3)
  A troll (Orc:1)
  2 giant leeches
  4 jumping spiders
  2 boulder beetles
  2 bog bodies
  5 blink frogs
  A spectral swamp dragon (Swamp:4)
  11 redbacks
  3 spriggans (Swamp:4)
  5 yaks
  9 tarantellas
  A vampire (Volcano)
  5 trapdoor spiders
  5 vampire mosquitoes
  3 wolves
  An insubstantial wisp (Swamp:4)
  2 swamp drakes (Swamp:3)
  A swamp worm (Swamp:3)
  A water moccasin (Lair:8)
  3 orc warriors
  3 phantoms (Swamp:4)
  3 wasps (Swamp:3)
  A human skeleton (Vaults:1)
  2 giant frogs (Lair:8)
  4 electric eels
  2 orc priests (Orc:2)
  2 orc wizards (Orc:2)
  6 river rats
  7 orcs
  A briar patch (Swamp:3)
  A plant (Lair:8)
149 creatures vanquished.

Vanquished Creatures (others)
  A yaktaur captain (Vaults:1)
  A hydra (Swamp:1)
  An ogre mage (Vaults:1)
  3 deep elf archers
  A deep elf mage (Elf:1)
  4 yaktaurs (Vaults:1)
  A tarantella (Spider:3)
  2 insubstantial wisps (Swamp:4)
  A phantom (Swamp:4)
  A river rat (Lair:8)
  A swamp drake zombie (Swamp:4)
  An orc (Orc:1)
  A goblin (D:2)
  11 fungi
  10 plants
  A withered plant (D:15)
41 creatures vanquished.

Grand Total: 1722 creatures vanquished

Notes
Turn   | Place    | Note
--------------------------------------------------------------
     0 | D:1      | Geeful the Human Wanderer began the quest for the Orb.
     0 | D:1      | Geeful set off with: a +2 short sword, a potion of lignification, a +0 ring mail, a bread ration
     0 | D:1      | Reached XP level 1. HP: 19/19 MP: 1/1
    71 | D:1      | Reached skill level 1 in Unarmed Combat
   241 | D:1      | Reached XP level 2. HP: 18/25 MP: 2/2
  1136 | D:1      | Reached XP level 3. HP: 25/30 MP: 3/3
  2004 | D:2      | Reached XP level 4. HP: 30/37 MP: 4/4
  2020 | D:2      | Noticed Robin
  2056 | D:2      | Killed Robin
  2586 | D:2      | Reached XP level 5. HP: 42/42 MP: 5/5
  3363 | D:3      | Reached skill level 5 in Unarmed Combat
  3375 | D:3      | Reached XP level 6. HP: 13/48 MP: 6/6
  3943 | D:4      | Reached skill level 6 in Unarmed Combat
  4160 | D:4      | Reached XP level 7. HP: 54/54 MP: 7/7
  4272 | D:4      | Reached skill level 7 in Unarmed Combat
  4760 | D:4      | Noticed a moth of wrath
  4763 | D:4      | Found a bloodstained altar of Trog.
  5177 | D:5      | Entered Level 5 of the Dungeon
  5445 | D:5      | Reached skill level 8 in Unarmed Combat
  5445 | D:5      | Reached XP level 8. HP: 35/60 MP: 8/8
  5577 | D:5      | Found a shadowy altar of Dithmenos.
  6085 | D:5      | Reached skill level 9 in Unarmed Combat
  6868 | D:5      | Reached skill level 10 in Unarmed Combat
  7233 | D:6      | Found a staircase to the Ecumenical Temple.
  7238 | Temple   | Entered the Ecumenical Temple
  7303 | Temple   | Became a worshipper of Makhleb the Destroyer
  7394 | D:6      | Reached XP level 9. HP: 59/65 MP: 9/9
  7442 | D:6      | Found Kab Ecza's General Store.
  7519 | D:6      | Reached skill level 11 in Unarmed Combat
  7926 | D:6      | Found a glowing golden altar of the Shining One.
  7926 | D:6      | Found a shattered altar of Ashenzari.
  8086 | D:6      | Found Litiveco's Distillery.
  8166 | D:6      | Bought an uncursed ring of poison resistance for 280 gold pieces
  8544 | D:7      | Reached skill level 12 in Unarmed Combat
  8740 | D:7      | Reached * piety under Makhleb
  8793 | D:7      | Noticed a troll
  8807 | D:7      | Killed a troll
  8817 | D:7      | Reached XP level 10. HP: 43/71 MP: 10/10
  8994 | D:7      | Found a deep blue altar of Sif Muna.
  9140 | D:7      | Found a bloodstained altar of Trog.
  9307 | D:7      | Noticed Crazy Yiuf
  9312 | D:7      | Killed Crazy Yiuf
  9384 | D:8      | Reached skill level 13 in Unarmed Combat
  9648 | D:8      | Found a sand-covered staircase.
  9653 | Ossuary  | Entered an ossuary
 10171 | Ossuary  | Gained mutation: Your flesh is heat resistant. [potion of beneficial mutation]
 10172 | Ossuary  | Gained mutation: Your mind is acute. (Int +2) [potion of beneficial mutation]
 10360 | D:8      | Reached ** piety under Makhleb
 10812 | D:8      | Identified a +3 rod of shadows (12/12) (You found it on level 8 of the Dungeon)
 11110 | D:9      | Reached skill level 1 in Invocations
 11155 | D:9      | Reached skill level 1 in Dodging
 11174 | D:9      | Noticed a deep elf mage
 11184 | D:9      | Killed a deep elf mage
 11359 | D:9      | Reached *** piety under Makhleb
 11510 | D:9      | Noticed Psyche
 11515 | D:9      | Killed Psyche
 11522 | D:9      | Noticed edsrzf's ghost (novice DgTm)
 11546 | D:9      | Killed edsrzf's ghost
 11546 | D:9      | Reached XP level 11. HP: 69/77 MP: 13/13
 11615 | D:9      | Found a staircase to the Orcish Mines.
 11738 | D:10     | Entered Level 10 of the Dungeon
 11750 | D:10     | Noticed Fannar
 11772 | D:10     | Killed Fannar
 11984 | D:10     | Reached skill level 1 in Shields
 12082 | D:10     | Noticed a deep elf mage
 12093 | D:10     | Killed a deep elf mage
 12340 | D:10     | Found Ciog's Food Boutique.
 12626 | D:11     | Noticed a griffon
 12698 | D:10     | Reached skill level 5 in Shields
 13065 | D:11     | Found a staircase to the Lair.
 13073 | D:11     | Noticed a brown ugly thing
 13098 | D:11     | Killed a brown ugly thing
 13413 | D:11     | Reached **** piety under Makhleb
 13456 | D:11     | Killed a griffon
 13843 | D:11     | Reached XP level 12. HP: 67/83 MP: 15/15
 14463 | D:12     | Reached skill level 14 in Unarmed Combat
 15083 | D:12     | Found a sparkling altar of Nemelex Xobeh.
 16047 | D:12     | Reached skill level 15 in Unarmed Combat
 16053 | D:12     | Reached ***** piety under Makhleb
 16577 | Lair:1   | Entered Level 1 of the Lair of Beasts
 16705 | Lair:1   | Reached XP level 13. HP: 88/88 MP: 16/16
 16707 | Lair:1   | Noticed Gastronok
 16730 | Lair:1   | Killed Gastronok
 16730 | Lair:1   | Reached skill level 16 in Unarmed Combat
 17186 | Lair:1   | Noticed Sonja
 17195 | Lair:1   | Killed Sonja
 17368 | Lair:1   | Reached skill level 17 in Unarmed Combat
 18337 | Lair:2   | Reached ****** piety under Makhleb
 18394 | Lair:2   | Reached skill level 18 in Unarmed Combat
 18666 | Lair:3   | Noticed Prince Ribbit
 18683 | Lair:3   | Killed Prince Ribbit
 19150 | Lair:3   | Reached XP level 14. HP: 87/95 MP: 17/17
 20192 | Lair:5   | Found a stormy altar of Qazlal.
 20227 | Lair:5   | Found a hole to the Spider Nest.
 20330 | Lair:5   | Noticed Nessos
 20343 | Lair:5   | Killed Nessos
 20343 | Lair:5   | Reached skill level 19 in Unarmed Combat
 20351 | Lair:5   | Found a frozen archway.
 20431 | IceCv    | Entered an ice cave
 20926 | IceCv    | Got a twitching brass ring
 20935 | IceCv    | Identified the ring of Maysef {Str+3 SInv} (You found it in an ice cave)
 22178 | Lair:6   | Found a staircase to the Swamp.
 22960 | Lair:7   | Reached skill level 20 in Unarmed Combat
 23758 | Lair:7   | Reached XP level 15. HP: 100/100 MP: 18/18
 23993 | Lair:7   | Noticed Kirke
 24029 | Lair:7   | Killed Kirke
 24500 | Lair:8   | Entered Level 8 of the Lair of Beasts
 24634 | Lair:8   | Found a dark tunnel.
 24644 | Volcano  | Entered a volcano
 25148 | Volcano  | Reached skill level 21 in Unarmed Combat
 26466 | Lair:8   | Got a brightly glowing scale mail
 26529 | Lair:8   | Identified the +1 scale mail of Henotheism {rF+ Int+2} (You found it on level 8 of the Lair of Beasts)
 26775 | Lair:8   | Identified a scroll of acquirement
 26778 | Lair:8   | Got a twisted chain mail
 26791 | Lair:8   | Identified the +3 chain mail of Agoraphobia {Str+4} (You acquired it on level 8 of the Lair of Beasts)
 26859 | Lair:8   | Found a staircase to the Slime Pits.
 27193 | Lair:6   | Reached skill level 5 in Armour
 27382 | D:13     | Reached skill level 5 in Invocations
 28093 | D:13     | Reached skill level 5 in Dodging
 28117 | D:13     | Found a gate to the Vaults.
 28457 | D:13     | Reached XP level 16. HP: 106/106 MP: 20/20
 28937 | D:14     | Noticed Urug
 28953 | D:14     | Killed Urug
 29183 | D:14     | Noticed yottam's ghost (adept HuWn)
 29226 | D:14     | Killed yottam's ghost
 29736 | D:15     | Entered Level 15 of the Dungeon
 29736 | D:15     | Noticed Rupert
 29905 | Orc:1    | Entered Level 1 of the Orcish Mines
 30073 | Orc:1    | Found a roughly hewn altar of Beogh.
 30325 | Orc:2    | Entered Level 2 of the Orcish Mines
 30431 | Orc:2    | Found a staircase to the Elven Halls.
 30582 | Orc:2    | Found Hiajo's Jewellery Emporium.
 30658 | Orc:2    | Found a roughly hewn altar of Beogh.
 31172 | Orc:2    | Found Fuaff's Armour Boutique.
 31173 | Orc:2    | Found Quceukypn's Jewellery Shop.
 31191 | Orc:2    | Found Axijisch's Antique Weapon Shoppe.
 31541 | Orc:2    | Found Acsint's General Store.
 31556 | Orc:2    | Bought a scroll of blinking for 105 gold pieces
 31608 | Orc:2    | Bought a +5 ring of protection for 605 gold pieces
 31608 | Orc:2    | Bought an uncursed ring of flight for 192 gold pieces
 31608 | Orc:2    | Bought the amulet of the Komtur {rF+ Regen+ Int+4 SInv} for 622 gold pieces
 31702 | Orc:2    | Bought a +3 plate armour of magic resistance for 540 gold pieces
 31928 | D:15     | Found an oddly glowing altar of Pakellas.
 32003 | D:15     | Noticed an Executioner
 32260 | D:15     | Killed Rupert
 32637 | D:15     | Found a staircase to the Depths.
 32949 | D:15     | Reached skill level 5 in Fighting
 33263 | Swamp:1  | Entered Level 1 of the Swamp
 33287 | Lair:6   | Reached XP level 17. HP: 48/115 MP: 10/23
 35825 | Swamp:3  | Reached skill level 10 in Armour
 36028 | Swamp:3  | Reached skill level 10 in Dodging
 36284 | Swamp:4  | Entered Level 4 of the Swamp
 36642 | Swamp:4  | Noticed Donald
 36655 | Swamp:4  | Killed Donald
 36753 | Swamp:4  | Noticed Mara
 36758 | Swamp:4  | Noticed Geeful's illusion
 36766 | Swamp:4  | Killed Mara
 36766 | Swamp:4  | Reached XP level 18. HP: 129/129 MP: 22/24
 37065 | Swamp:4  | Reached skill level 10 in Shields
 37598 | Swamp:4  | Noticed a bone dragon
 37757 | Swamp:4  | Killed a bone dragon
 37885 | Swamp:4  | Got a decaying rune of Zot
 38095 | Spider:1 | Entered Level 1 of the Spider Nest
 38316 | Spider:1 | Noticed Josephine
 38347 | Spider:1 | Killed Josephine
 39584 | Spider:3 | Noticed Arachne
 40123 | Spider:3 | Killed Arachne
 40356 | Spider:3 | Reached XP level 19. HP: 127/134 MP: 23/25
 40964 | Spider:4 | Entered Level 4 of the Spider Nest
 41869 | Spider:4 | Reached skill level 15 in Shields
 42457 | Spider:4 | Got a gossamer rune of Zot
 42801 | Vaults:1 | Entered Level 1 of the Vaults
 42855 | Vaults:1 | Reached skill level 22 in Unarmed Combat
 44484 | Vaults:1 | Reached XP level 20. HP: 141/141 MP: 26/26
 44558 | Vaults:1 | Found Ogipniga's Food Boutique.
 45751 | Elf:1    | Entered Level 1 of the Elven Halls
 45898 | Elf:1    | Reached skill level 23 in Unarmed Combat
 46442 | Elf:1    | Gained mutation: Scrolls take you a little longer to read. [a neqoxec]
 47353 | Elf:2    | Found a runed gate.
 47353 | Elf:2    | Found a runed gate.
 47354 | Elf:2    | Found a runed gate.
 47642 | Elf:2    | Reached XP level 21. HP: 147/147 MP: 24/27
 48563 | Elf:3    | Entered Level 3 of the Elven Halls
 48656 | Elf:3    | Found Xiamuobb's Magic Scroll Emporium.
 48707 | Elf:3    | Bought a scroll of enchant armour for 97 gold pieces
 48707 | Elf:3    | Bought a scroll of enchant armour for 97 gold pieces
 48790 | Elf:3    | Reached skill level 24 in Unarmed Combat
 49296 | Elf:3    | Killed from afar by a Hell Sentinel

Vault maps used:
D:1:      onia_arrival_mini_spirals
D:2:      first_bread, minmay_misc_feat_hallway, kennysheep_generic_room_6,
          uniq_robin
D:4:      minmay_misc_feat_tiny, tgw_trog
D:5:      grunt_dithmenos_shadows
D:6:      gammafunk_temple_overflow_wave, temple_doors_e, serial_shops, shop,
          shop, minmay_liquid_box, nicolae_zen_rock_garden
D:7:      basic_altar, lemuel_blue_sif_altar, uniq_crazy_yiuf_cottage
D:8:      enter_ossuary_5, grunt_pizzeria
D:9:      corexii_shack_village, orc_0_dummy, kennysheep_pointless_box,
          uniq_psyche
D:10:     serial_shops, kennysheep_mini_moat, uniq_fannar
D:11:     lair_0_dummy
D:12:     basic_altar
D:13:     erik_vaults_1, st_stairs_12
D:14:     minivault_11, uniq_urug
D:15:     gammafunk_depths_entry_grave, minmay_stone_trees_small, special_room,
          basic_altar, uniq_rupert
Temple:   grunt_circular_temple_18
Lair:1:   beast_lair_carwin_large_4, minivault_25, wad_woods_antlair,
          serial_bayou_shore_a, infiniplex_staircase_pool_2, uniq_gastronok,
          uniq_sonja
Lair:2:   infiniplex_staircase_pool
Lair:3:   uniq_prince_ribbit2
Lair:5:   spider_nest_entry_web_field, portal_ice_cave_entry_ice_beasts,
          basic_altar, st_stairs_12, lemuel_fruit_fields, uniq_nessos
Lair:6:   lemuel_ratsnest, minmay_swamp_entry_worms, kennysheep_basilisk_garden
Lair:7:   worms_lemuel, uniq_kirke
Lair:8:   minmay_lair_end_frog_pond, dpeg_slime_entry_corner,
          nicolae_volcano_entry_two_sided, minmay_lair_drake_nest
Swamp:1:  nicolae_swamp_triple_paths
Swamp:2:  serial_swamp_ruin, evilmike_swamp_ruin_house_5,
          evilmike_swamp_ruin_house_2, evilmike_swamp_ruin_rubble_2
Swamp:3:  evilmike_swamp_ruin_house_1, swamp_pool1
Swamp:4:  swamp_pestilence, uniq_donald, uniq_mara
Spider:1: uniq_josephine
Spider:3: nicolae_arachne_temple
Spider:4: johnstein_spider_rune_arachne_lair
Orc:1:    basic_altar
Orc:2:    st_orc_open, serial_shops, nicolae_shop_stone,
          david_defended_altar_orc
Elf:1:    eino_elf_arrival_customs, minivault_28, nicolae_elf_big_sculpture_2
Elf:2:    uniq_roxanne
Elf:3:    grunt_elf_hall_spiral, serial_shops, nicolae_shop_waterfront
Vaults:1: v_misc_14, v_misc_29, vaults_room_stairs_pillars, vaults_mumra_hex,
          v_alt_pattern_1, grunt_vaults_focal, nicolae_vaults_arrows,
          nicolae_vaults_circle_grid_a, vaults_dpeg_ring, serial_shops, shop
Ossuary:  ossuary_tomb_3
IceCv:    ice_cave_statue_garden_02
Volcano:  volcano_tomb

Action                   |  1- 3 |  4- 6 |  7- 9 | 10-12 | 13-15 | 16-18 | 19-21 || total
-------------------------+-------+-------+-------+-------+-------+-------+-------++-------
Melee: Unarmed           |   215 |   276 |   410 |   949 |  1836 |  2358 |  1987 ||  8031
 Fire: Blowgun           |       |       |    14 |    55 |    13 |     9 |    14 ||   105
Invok: Lesser Servant of |       |       |       |     2 |    22 |    34 |    18 ||    76
       Greater Servant o |       |       |       |       |       |    10 |     6 ||    16
Evoke: Wand              |       |     9 |       |    11 |     9 |    10 |     3 ||    42
       Deck              |       |       |       |       |       |     1 |       ||     1
  Use: Scroll            |     5 |     5 |     3 |     9 |    15 |    14 |    15 ||    66
       Potion            |       |     4 |     2 |     7 |     5 |     6 |     3 ||    27
 Stab: Distracted        |       |       |       |     1 |    10 |    16 |     7 ||    34
       Paralysed         |       |       |       |       |     9 |       |       ||     9
  Eat: Chunk             |     4 |     6 |    15 |    27 |    36 |    30 |    27 ||   145
       Beef jerky        |       |       |     1 |       |     1 |     7 |     1 ||    10
       Fruit             |       |       |     2 |       |     1 |     8 |       ||    11
       Bread ration      |       |       |       |     3 |       |       |       ||     3
       Royal jelly       |       |       |       |       |     1 |     1 |       ||     2
